 Dungeon Crawl Stone Soup version 0.27.1-33-g824d729ab1 (webtiles) character file.

Game seed: 1991342660140249597

24 zeram the Sneak (level 2, -2/16 HPs)
             Began as a Deep Elf Brigand on Dec 5, 2021.
             Slain by a gnoll (5 damage)
             ... on level 1 of the Dungeon.
             The game lasted 00:01:52 (1146 turns).

zeram the Sneak (Deep Elf Brigand)                  Turns: 1146, Time: 00:01:53

Health: -2/16      AC:  3    Str:  8    XL:     2   Next: 79%
Magic:  4/4        EV: 13    Int: 15    God:
Gold:   62         SH:  0    Dex: 16    Spells: 1/1 levels left

rFire    . . .     SeeInvis .   a - +2 dagger
rCold    . . .     Faith    .   (no shield)
rNeg     . . .     Spirit   .   b - +0 robe
rPois    .         Reflect  .   (no helmet)
rElec    .         Harm     .   c - +0 cloak
rCorr    .         Rampage  .   (no gloves)
Will     .....                  (no boots)
Stlth    +++.......             (no amulet)
HPRegen  0.05/turn              (no ring)
MPRegen  0.09/turn              (no ring)

@: no status effects
A: no striking features
a: no special abilities


You were on level 1 of the Dungeon.
You visited 1 branch of the dungeon, and saw 2 of its levels.

You collected 62 gold pieces.

Inventory:

Hand Weapons
 a - a +2 dagger (weapon)
Missiles
 d - 8 poisoned darts (quivered)
 e - 2 curare-tipped darts
Armour
 b - a +0 robe (worn)
 c - a +0 cloak (worn)


   Skills:
 - Level 1.5 Fighting
 - Level 2.0 Short Blades
 - Level 2.0 Throwing
 + Level 3.5 Dodging
 - Level 4.8 Stealth


You had one spell level left.
You didn't know any spells.
Your spell library was empty.

Dungeon Overview and Level Annotations

Branches:
Dungeon (2/15)

Altars:


Message History

The goblin is severely wounded.
The goblin closely misses you.
You closely miss the goblin.
The goblin is severely wounded.
You hit the goblin.
You kill the goblin!
You barely miss the gnoll. The gnoll hits you with a +0 club.
You hit the gnoll.
The gnoll is lightly wounded.
The gnoll hits you with a +0 club.
* * * LOW HITPOINT WARNING * * *
You see here a +0 dagger.
A gnoll is nearby!
You aren't carrying any items that you can evoke.
You aren't carrying any potions.
You aren't carrying any potions.
As you read the scroll labelled AMECINNE LIXI, it crumbles to dust.
It is a scroll of identify.
You don't have any unidentified items.
The gnoll hits you with a +0 club.
* * * LOW HITPOINT WARNING * * *
You hit the gnoll.
The gnoll is moderately wounded.
The gnoll barely misses you.
You hit the gnoll.
The gnoll is heavily wounded.
The gnoll closely misses you.
You hit the gnoll but do no damage.
The gnoll is heavily wounded.
The gnoll hits you with a +0 club.
* * * LOW HITPOINT WARNING * * *
You hit the gnoll.
The gnoll is heavily wounded.
The gnoll completely misses you.
You barely miss the gnoll.
The gnoll is heavily wounded.
You closely miss the gnoll.
The gnoll is heavily wounded.
The gnoll hits you with a +0 club.
You die...

.##..####.###.#...# #.# ###..#
#.## ##....# #.# # #..#
##.###.#...# #.# ###..#
##.#.###.## #.# ##...# ####..#
#.# ###.####### ##..####.....#
#.# #........>. ##.......#####
#.######.#.####### #####.##.#
#.##.......# #
#.##.#######@##.###.### #
#.##.##...gg....# #.#
#####.##.##.####.#### #.#
.÷......#...###.#.#####.#
###......#####.###......#
#.............#.#.#.###
#............#.##.....#########
#.....g#####.####.#...........#
#......# #)÷....#.#)#####....


You could see a gnoll and a goblin.

Vanquished Creatures
  A dart slug (D:1)
  A bat (D:1)
  An endoplasm (D:1)
  A giant cockroach (D:1)
  2 goblins (D:1)
  3 hobgoblins (D:1)
  2 quokkas (D:1)
  4 ball pythons (D:1)
  2 frilled lizards (D:1)
  3 rats (D:1)
20 creatures vanquished.

Notes
Turn   | Place    | Note
-------+----------+-------------------------------------------
     0 | D:1      | zeram the Deep Elf Brigand began the quest for the Orb.
     0 | D:1      | Reached XP level 1. HP: 12/12 MP: 3/3
   363 | D:1      | Reached XP level 2. HP: 13/16 MP: 4/4
  1146 | D:1      | Slain by a gnoll

Illustrated notes

Levels and vault maps discovered:
D:1:      dpeg_arrival_simpleton_c, layout_loops_ring
D:2:      layout_basic, shapermc_ecumenical_altar_gd, skrybe_limestone_x,
          minmay_misc_feat_four_crosses, minmay_hexomino_p4

Skill      XL: |  1  2 |
---------------+-------+-----
Dodging        | 2 3 |  3.5
Fighting       | |  1.5
Short Blades   | |  2.0
Throwing       | |  2.0
Stealth        | |  4.8

Action                   || total
-------------------------++-------
Melee: Dagger            ||    76
  Use: Scroll            ||     1
       Potion            ||     1
 Stab: Sleeping          ||     6
Armor: Robe              ||     9
Dodge: Dodged            ||    42
